AoeStats
← schmeno

Hill Fort

504150374Analyzed
4v4 RM · 1mo ago on Sep 4, 2026· 30m 55s· 8 players
Game mode
Random Map
Map size
Large (8 player)
Population
200
Speed
Normal
Resources
Standard
Victory
Conquest
Starting age
Dark Age
Ending age
Imperial Age
RankedLock teamsTeams togetherTeam positionsShared explorationLock speedFull tech treeHidden civsTurbo modeCheats
Victory
Defeat
🇦🇷 Britons · Argentina
1257
+12
🇦🇷 Berbers · Argentina
1229
+13
🇳🇿 Spanish · New Zealand
1192
+15
🇭🇰 Cumans · Hong Kong SAR China
1162
+16
🇺🇸 Georgians · United States
1225
-16
🇺🇸 Jurchens · United States
1188
-15
🇺🇸 Ethiopians · United States
1176
-14
🇺🇸 Franks · United States
1100
-11
scrawnny12
7:00 Loom
10:59 Feudal Age
15:44 Castle Age
14:29 Double-Bit Axe
14:34 Horse Collar
16:40 Wheelbarrow
17:38 Bow Saw
19:28 Fletching
22:58 Bodkin Arrow
24:11 Hand Cart
24:29 Ballistics
25:26 Thumb Ring
32:09 Imperial Age
30:31 Husbandry
30:41 Bloodlines
31:23 Padded Archer Armor
ocheda
6:47 Loom
9:03 Feudal Age
9:44 Double-Bit Axe
15:32 Horse Collar
20:45 Castle Age
20:05 Wheelbarrow
19:18 Town Watch
20:29 Scale Barding Armor
20:24 Town Watch
21:18 Forging
22:11 Bow Saw
21:54 Gold Mining
22:29 Bloodlines
26:49 Iron Casting
felixaleman1010
11:08 Feudal Age
11:44 Loom
15:47 Castle Age
14:50 Double-Bit Axe
14:47 Horse Collar
15:05 Fletching
21:08 Bodkin Arrow
26:11 Padded Archer Armor
26:17 Scale Barding Armor
30:59 Wheelbarrow
30:42 Heavy Plow
31:05 Ballistics
emu
2:39 Loom
11:20 Feudal Age
11:51 Double-Bit Axe
17:23 Town Watch
20:24 Castle Age
19:32 Fletching
19:43 Padded Archer Armor
19:41 Gold Mining
19:33 Horse Collar
21:10 Bodkin Arrow
21:46 Bow Saw
22:40 Crossbowman
27:07 Leather Archer Armor
28:25 Ballistics
r smothers
11:35 Feudal Age
14:33 Wheelbarrow
13:44 Loom
13:46 Town Watch
17:49 Castle Age
16:18 Double-Bit Axe
16:25 Horse Collar
18:45 Bloodlines
21:11 Scale Barding Armor
Brady Will Pay
11:39 Feudal Age
13:23 Wheelbarrow
12:46 Loom
17:39 Wheelbarrow
19:52 Castle Age
19:06 Wheelbarrow
18:35 Double-Bit Axe
19:33 Gold Mining
19:39 Stone Mining
21:22 Town Watch
22:56 Bow Saw
24:51 Scale Barding Armor
24:56 Forging
26:42 Chain Barding Armor
29:14 Iron Casting
Tired Cock
10:31 Feudal Age
14:35 Castle Age
13:03 Double-Bit Axe
14:23 Loom
14:35 Horse Collar
16:17 Loom
19:03 Fletching
21:58 Bloodlines
22:36 Husbandry
25:38 Bodkin Arrow
27:59 Scale Barding Armor
29:44 Chain Barding Armor
schmeno
10:02 Feudal Age
13:14 Loom
16:52 Castle Age
14:57 Double-Bit Axe
16:10 Fletching
17:05 Crossbowman
19:21 Horse Collar
20:59 Gold Mining
22:18 Town Watch
22:50 Bodkin Arrow
24:37 Wheelbarrow
26:06 Ballistics
27:01 Thumb Ring
30:15 Padded Archer Armor
Connection lost

Rejoining the realm…

Still unreachable

The connection could not be restored.

Session expired

The server has moved on; the page needs a fresh start.